 Dungeon Crawl Stone Soup version 0.26-a0-651-gb41185065b (webtiles) character file.

Game seed: 11314492634456265263

(classic levelgen) 12 EnegeticOcto the Shield-Bearer (level 2, -1/27 HPs)
             Began as a Deep Dwarf Fighter on Oct 30, 2020.
             Killed by nerve-wracking pain
             ... invoked by Grinder
              (11 damage)
             ... on level 3 of the Dungeon.
             The game lasted 00:00:08 (310 turns).

EnegeticOcto the Shield-Bearer (Deep Dwarf Fighter)  Turns: 310, Time: 00:00:09

Health: -1/27      AC:  6    Str: 19    XL:     2   Next: 20%
Magic:  2/2        EV:  7    Int:  8    God:
Gold:   42         SH:  9    Dex: 12    Spells: 1/1 levels left

rFire    . . .     SeeInvis .   a - +0 war axe
rCold    . . .     Faith    .   c - +0 kite shield
rNeg     . . .     Spirit   .   b - +0 scale mail
rPois    .         Reflect  .   (no helmet)
rElec    .         Harm     .   (no cloak)
rCorr    .         Rampage  .   (no gloves)
MR       .....                  (no boots)
Stlth    ..........             (no amulet)
HPRegen  0.00/turn              (no ring)
MPRegen  0.08/turn              (no ring)

@: non-regenerating
A: damage resistance, heal wounds, sense surroundings 1, no regeneration
a: Heal Wounds


You were on level 3 of the Dungeon.
You visited 1 branch of the dungeon, and saw 3 of its levels.

You collected 42 gold pieces.

Inventory:

Hand Weapons
 a - a +0 war axe (weapon)
Armour
 b - a +0 scale mail (worn)
 c - a +0 kite shield (worn)
Wands
 f - a wand of iceblast (12) {@v2}
Scrolls
 h - a scroll of teleportation {unknown}
Potions
 d - a potion of might {@q3}
 e - a potion of flight {unknown}
 g - a potion of curing {unknown}


   Skills:
 + Level 2.8 Fighting
 * Level 2.6 Axes
 + Level 3.4 Armour
 + Level 3.4 Shields


You had one spell level left.
You didn't know any spells.
Your spell library was empty.

Dungeon Overview and Level Annotations

Branches:
Dungeon (3/15)

Altars:

Annotations:
D:3 Grinder


Innate Abilities, Weirdness & Mutations

You are resistant to damage.
You can heal yourself by infusing magical energy.
You passively map a small area around you.
You do not regenerate.


Message History

No target in view!
No target in view!
No target in view!
No target in view!
No target in view!
No target in view!
No target in view!
No target in view!
No target in view!
No target in view!
No target in view!
No target in view!
No target in view!
No target in view!
No target in view!
No target in view!
(D) Dungeon
Where to? (? - help)
There is an open door here.
There is a stone staircase leading down here.
You climb downwards.
Found a jewelled iron wand and a cyan potion.
There is a stone staircase leading up here.
f - a wand of iceblast (12) {@v2} A frilled lizard comes into view.
A frilled lizard is nearby!
Found a stone staircase leading down.
The frilled lizard bites you but does no damage.
Found a scroll labeled TISTAPL CIKUO.
You miss the frilled lizard. You block the frilled lizard's attack.
The frilled lizard bites you.
You hit the frilled lizard.
You kill the frilled lizard!
No target in view!
No target in view!
No target in view!
No target in view!
No target in view!
No target in view!
g - a cyan potion
h - a scroll labeled TISTAPL CIKUO
Found a stone staircase leading up.
A kobold comes into view.
The kobold shouts!
The kobold throws a stone.
The stone hits you but does no damage.
You see here a stone.
The kobold throws a stone.
The stone hits you but does no damage.
You see here a stone.
The kobold throws a stone.
You block the stone.
You see here a stone.
The kobold throws a stone.
The stone hits you but does no damage.
You see here a stone.
The kobold throws a stone.
The stone hits you but does no damage.
You see here a stone.
The kobold hits you but does no damage.
You hit the kobold.
You kill the kobold!
No target in view!
No target in view!
No target in view!
No target in view!
No target in view!
No target in view!
No target in view!
No target in view!
No target in view!
No target in view!
(D) Dungeon
Where to? (Enter - D:2, ? - help)
You see here a stone.
You see here a stone.
You see here a stone.
There is a stone staircase leading down here.
You climb downwards.
Grinder comes into view.
She is carrying a wand of flame (20).
Grinder shouts!
There is a stone staircase leading up here.
Grinder is nearby!
Grinder is nearby!
Grinder is nearby!
Grinder says, "Don't move a muscle."
Grinder blinks!
Grinder says, "Mostly I couldn't keep them alive."
You barely miss Grinder. Grinder completely misses you.
You hit Grinder but do no damage.
A kobold comes into view. It is wielding a +0 club.
Grinder gestures at you. Pain shoots through your body!
Your shield prevents you from hitting Grinder.
The kobold shouts!
Grinder barely misses you. Grinder gestures at you.
Pain shoots through your body!
You closely miss Grinder. Grinder hits you but does no damage.
You hit Grinder.
Grinder is lightly wounded.
Grinder zaps a wand.
The puff of flame hits you. Grinder gestures at you.
Pain shoots through your body!
You die...

,
######*
*.....
*
,....##
, ....#
* ...#
.K# *
*, #5#
* #@# *
#.# #<#
, #.#
,* ,
#.# *
... *
### *
,* * **
, * ,*


You could see Grinder and a kobold.

Vanquished Creatures
  A dart slug (D:1)
  A bat (D:1)
  3 goblins (D:1)
  A hobgoblin (D:1)
  A kobold (D:2)
  2 frilled lizards
  A rat (D:1)
10 creatures vanquished.

Notes
Turn   | Place    | Note
-------+----------+-------------------------------------------
     0 | D:1      | EnegeticOcto the Deep Dwarf Fighter began the quest for the
                  | Orb.
     0 | D:1      | Reached XP level 1. HP: 20/20 MP: 1/1
    79 | D:1      | Reached XP level 2. HP: 27/27 MP: 2/2
   303 | D:3      | Noticed Grinder
   310 | D:3      | Killed from afar by Grinder

Illustrated notes

Levels and vault maps discovered:
D:1:      elethiomel_arrival_infinity_welcomes_careful_drivers, layout_basic,
          minmay_unequal
D:2:      layout_basic
D:3:      layout_loops_ring, lemuel_doored_altar, st_stairs_1,
          trog_hazing_becter, uniq_robin, uniq_grinder

Action                   || total
-------------------------++-------
Melee: War axe           ||    28
Armor: Scale mail        ||    14
Dodge: Dodged            ||     7
Block: Kite shield       ||    12

Table legend: (Time is in decaauts)
 A = Elapsed time spent in this place.
 B = Non-inter-level travel time spent in this place.
 C = Inter-level travel time spent in this place.
 D = Time resting spent in this place.
 E = Time spent auto-exploring this place.
 F = Levels seen in this place.
 G = Mean time per level.
                   A        B        C        D        E       F      G
               +--------+--------+--------+--------+--------+-----+--------+
         Total |    322 |    286 |     36 |      0 |    215 |   3 |  107.3 |
       Dungeon |    322 |    286 |     36 |      0 |    215 |   3 |  107.3 |
               +--------+--------+--------+--------+--------+-----+--------+

Top non-repeatable levels by time:
     D:1: 185 daAuts
     D:2: 128 daAuts
     D:3: 8 daAuts
